 Dungeon Crawl Stone Soup version 0.20-a0-1050-g57248f3 (webtiles) character file.

96 M4edhros the Slasher (level 4, -3/31 HPs)
             Began as an Octopode Fighter on Apr 25, 2017.
             Slain by a gnoll
             ... wielding a +0 spear
              (8 damage)
             ... on level 4 of the Dungeon.
             The game lasted 00:01:46 (1283 turns).

M4edhros the Slasher (Octopode Fighter)             Turns: 1283, Time: 00:01:47

Health: -3/31      AC:  1    Str: 20    XL:     4   Next: 67%
Magic:  4/4        EV: 17    Int: 10    God:
Gold:   190        SH:  9    Dex: 17    Spells: 3/3 levels left

rFire    . . .     SeeInvis .   a - +0 long sword
rCold    . . .     Gourm    .   b - +0 shield
rNeg     . . .     Faith    .   (helmet restricted)
rPois    .         Spirit   .   (no amulet)
rElec    .         Reflect  .   (no ring)
rCorr    .         Harm     .   (no ring)
MR       .....                  (no ring)
Stlth    ++++......             (no ring)
Regen    0.1/turn               (no ring)
MPRegen  0.1/turn               (no ring)
                                (no ring)
                                (no ring)

@: mighty, agile
A: almost no armour, stealthy swim, amphibious, 8 rings, constrict 8, camouflage
1, gelatinous body 1
a: no special abilities


You were on level 4 of the Dungeon.
You were not hungry.

You visited 1 branch of the dungeon, and saw 4 of its levels.

You collected 190 gold pieces.

Inventory:

Hand Weapons
 a - a +0 long sword (weapon)
Armour
 b - a +0 shield (worn)
Scrolls
 e - a scroll of amnesia
 f - a scroll of identify
Potions
 h - a potion of curing
 i - a potion of flight
Comestibles
 d - a bread ration
 g - 2 meat rations
 l - a royal jelly
 m - a chunk of flesh


   Skills:
 - Level 3.0 Fighting
 + Level 4.7 Long Blades
 - Level 3.0 Dodging
 - Level 3.0 Shields


You had 3 spell levels left.
You didn't know any spells.

Dungeon Overview and Level Annotations

Branches:
Dungeon (4/15)
 Temple: D:4-7

Altars:
Okawaru

Annotations:
D:4 Conn321's ghost, novice GnWn


Innate Abilities, Weirdness & Mutations

You cannot wear most types of armour.
You are very stealthy in the water. (Stealth+)
You are amphibious.
You can wear up to eight rings at the same time.
You can use your tentacles to constrict eight enemies at once.
Your skin changes colour to match your surroundings (Stealth+).
Your rubbery body absorbs attacks. (AC +1, EV +1)


Message History

The gnoll hits you but does no damage.
You hit Conn321's ghost.
Conn321's ghost is lightly damaged.
The gnoll hits you but does no damage. x2; You block Conn321's ghost's attack.
The gnoll hits you but does no damage. x2
You slash Conn321's ghost!
Conn321's ghost is moderately damaged.
You feel less wooden. You block the gnoll's attack.
You block Conn321's ghost's attack. The gnoll misses you.
The gnoll barely misses you. The gnoll misses you.
You riposte.
You hit the gnoll. You grab the gnoll. You squeeze the gnoll!
You kill the gnoll!
You feel better.
Conn321's ghost says, "Crushing you to a pulp will hurt a lot.
After that?
Painless!
I promise!"
Conn321's ghost hits you!
* * * LOW HITPOINT WARNING * * *
Conn321's ghost freezes you.
* * * LOW HITPOINT WARNING * * *
The gnoll hits you from afar with a spear!
You die...

###.....# ........
##..... ## ...... .#
#.# #..#####.# ##.#.
#........####
.....###gg...gW....#
##.#...)W#####..##[#
#..#....@### ##..##.###
#.#.##.....# #...W..W..
#.#.##.....###.........
#.#............g..#....
#.###.....(#.....######
###.# #...(..#.#.#.#
#...###..#.###.#.#.#
#........#.........#
#...###.######.##.##


You could see Conn321's ghost and 2 gnolls.

Vanquished Creatures
  2 gnolls (D:4)
  2 adders
  A worm (D:3)
  2 dart slugs
  3 leopard geckos
  5 bats
  3 giant cockroaches
  4 hobgoblins
  4 jackals
  A ball python (D:2)
  3 frilled lizards
  6 goblins
  9 kobolds
  A quokka skeleton (D:4)
  4 rats
50 creatures vanquished.

Notes
Turn   | Place    | Note
-------+----------+-------------------------------------------
     0 | D:1      | M4edhros the Octopode Fighter began the quest for the Orb.
     0 | D:1      | Reached XP level 1. HP: 16/16 MP: 1/1
    62 | D:1      | Reached XP level 2. HP: 14/21 MP: 2/2
   150 | D:1      | Reached skill level 3 in Long Blades
   495 | D:2      | Reached XP level 3. HP: 26/26 MP: 3/3
  1043 | D:3      | Reached skill level 4 in Long Blades
  1097 | D:3      | Reached XP level 4. HP: 10/31 MP: 4/4
  1155 | D:4      | Found an iron altar of Okawaru.
  1250 | D:4      | Noticed Conn321's ghost (novice GnWn)
  1283 | D:4      | Slain by a gnoll

Vault maps used:
D:1:      minmay_arrival_five_plusses
D:2:      minivault_24
D:3:      st_stairs_3
D:4:      kennysheep_mini_moat, enter_ossuary_2

Skill      XL: |  1  2  3 |
---------------+----------+-----
Long Blades    | 3 4 |  4.7
Fighting       | |  3.0
Dodging        | |  3.0
Shields        | |  3.0

Action                   |  1- 3 |  4- 6 || total
-------------------------+-------+-------++-------
Melee: Long sword        |    81 |    27 ||   108
       Constrict         |    22 |     3 ||    25
       Tentacles         |    10 |     2 ||    12
  Use: Potion            |     1 |     6 ||     7
       Scroll            |       |     4 ||     4
 Stab: Sleeping          |     8 |     1 ||     9
  Eat: Chunk             |       |     1 ||     1
Armor: Skin              |     7 |    42 ||    49
Dodge: Dodged            |    27 |    12 ||    39
Block: Shield            |    47 |    36 ||    83
       Rpst.: Long sword |     5 |     2 ||     7
